 Dungeon Crawl Stone Soup version 0.24.1-1-gd1d2a07e1b (webtiles) character file.

Game seed: 8477201818527587881, levelgen mode: deterministic

73 grindst0ne the Firebug (level 4, 0/34 HPs)
             Began as a Gnoll Wanderer on Apr 10, 2020.
             Was an Initiate of Okawaru.
             Slain by a hobgoblin
             ... wielding a +0 club
              (6 damage)
             ... on level 3 of the Dungeon.
             The game lasted 00:03:33 (2580 turns).

grindst0ne the Firebug (Gnoll Wanderer)             Turns: 2580, Time: 00:03:34

Health: 0/34       AC:  6    Str: 11 (13) XL:     4   Next: 27%
Magic:  8/8        EV:  8    Int: 15 (17) God:    Okawaru [......]
Gold:   85         SH:  0    Dex: 13 (14) Spells: 7/8 levels left

rFire    + . .     SeeInvis .   a - +0 spear
rCold    . . .     Gourm    .   (no shield)
rNeg     . . .     Faith    .   h - +0 scale mail {rF+}
rPois    .         Spirit   .   (no helmet)
rElec    .         Reflect  .   (no cloak)
rCorr    .         Harm     .   (no gloves)
MR       .....                  (no boots)
Stlth    +.........             (no amulet)
HPRegen  0.11/turn              (no ring)
MPRegen  0.11/turn              (no ring)

@: no status effects
A: distributed training, fangs 1, strong nose
a: Renounce Religion


You were on level 3 of the Dungeon.
You worshipped Okawaru.
Okawaru was noncommittal.
You were not hungry.

You visited 1 branch of the dungeon, and saw 3 of its levels.

You collected 85 gold pieces.

Inventory:

Hand Weapons
 a - a +0 spear (weapon)
Missiles
 k - 2 throwing nets (quivered)
Armour
 d - a +0 robe
 h - a +0 scale mail of fire resistance (worn)
Scrolls
 e - 4 scrolls of remove curse {unknown}
 g - a scroll of blinking {unknown}
 j - 2 scrolls of teleportation {unknown}
 l - 2 scrolls of amnesia {unknown}
 m - a scroll of identify {unknown}
Potions
 i - a potion of heal wounds {unknown}
Comestibles
 f - 4 rations


   Skills:
 + Level 2.7 Fighting
 + Level 1.0 Short Blades
 + Level 1.0 Long Blades
 + Level 1.0 Axes
 + Level 1.0 Maces & Flails
 + Level 2.7 Polearms
 + Level 1.0 Staves
 + Level 1.0 Slings
 + Level 1.0 Bows
 + Level 1.0 Crossbows
 + Level 4.6 Throwing
 + Level 1.0 Armour
 + Level 1.0 Dodging
 + Level 2.5 Stealth
 + Level 1.0 Shields
 + Level 1.0 Unarmed Combat
 + Level 2.9 Spellcasting
 + Level 0.8 Conjurations
 + Level 0.8 Hexes
 + Level 0.8 Charms
 + Level 0.8 Summonings
 + Level 0.8 Necromancy
 + Level 0.8 Translocations
 + Level 0.8 Transmutations
 + Level 7.1 Fire Magic
 + Level 0.8 Ice Magic
 + Level 0.8 Air Magic
 + Level 0.8 Earth Magic
 + Level 0.8 Poison Magic
 + Level 1.1 Invocations
 + Level 1.0 Evocations


You had 7 spell levels left.
You knew the following spells:

 Your Spells              Type           Power        Failure   Level  Hunger
a - Flame Tongue          Conj/Fire      ##...        24%         1    #......

Your spell library contained the following spells:

 Spells                   Type           Power        Failure   Level  Hunger
 Throw Flame              Conj/Fire      ##....       36%         2    ##.....
 Conjure Flame            Conj/Fire      ##......     58%         3    ###....
 Inner Flame              Hex/Fire       ##......     58%         3    ###....
 Sticky Flame             Conj/Fire      ##......     94%         4    #####..
 Fireball                 Conj/Fire      ##........   100%        5    ######.


Dungeon Overview and Level Annotations

Branches:
Dungeon (3/15)

Altars:
Ashenzari
Elyvilon
Okawaru
Ru
Wu Jian


Innate Abilities, Weirdness & Mutations

Your experience applies equally to all skills.
You have very sharp teeth.
Your uncanny sense of smell can sniff out nearby items.


Message History

The hobgoblin is severely wounded.
You hear the slow rusting of a very distant drain.
You closely miss the hobgoblin.
You punch the hobgoblin, but do no damage.
The hobgoblin is severely wounded.
The hobgoblin closely misses you.
You closely miss the hobgoblin.
You bite the hobgoblin, but do no damage.
The hobgoblin is severely wounded.
The hobgoblin closely misses you.
You hit the hobgoblin.
The hobgoblin is almost dead.
The hobgoblin hits you but does no damage.
You hit the hobgoblin but do no damage.
The hobgoblin is almost dead.
The hobgoblin hits you but does no damage.
You closely miss the hobgoblin.
The hobgoblin is almost dead.
The hobgoblin hits you with a +0 club.
You die...

. ### #. .
..##.##.##
##.#.#.#.###
#..........#
##.#.#.#.#.#
#......)...#
##.#.#.#@#.#
##+###......g...#
.(....#.#.#.#.#.#
........†...†...#
......#.#.#.#.###
..... #########
.... .(. ..


You could see a hobgoblin.

Vanquished Creatures
  2 adders (D:2)
  2 oozes
  A worm (D:3)
  A leopard gecko (D:2)
  5 hobgoblins
  6 jackals (D:1)
  2 quokkas (D:2)
  A ball python (D:1)
  4 bats
  5 frilled lizards
  6 goblins (D:1)
  4 kobolds
  5 rats
44 creatures vanquished.

Notes
Turn   | Place    | Note
-------+----------+-------------------------------------------
     0 | D:1      | grindst0ne the Gnoll Wanderer began the quest for the Orb.
     0 | D:1      | grindst0ne set off with the following items: a +0 spear, a
                  | potion of lignification, a +0 robe, a ration; and the
                  | following spell memorised: Flame Tongue; and the following
                  | spells available to memorise: Throw Flame, Conjure Flame,
                  | Inner Flame, Sticky Flame, Fireball
     0 | D:1      | Reached XP level 1. HP: 17/17 MP: 4/4
   303 | D:1      | Reached XP level 2. HP: 12/23 MP: 5/5
  1325 | D:2      | Reached XP level 3. HP: 25/28 MP: 7/7
  1644 | D:2      | Found a white marble altar of Elyvilon.
  1644 | D:2      | Found a shattered altar of Ashenzari.
  1649 | D:2      | Found a faded altar of an unknown god.
  1667 | D:2      | Found an iron altar of Okawaru.
  1669 | D:2      | Found a sacrificial altar of Ru.
  1675 | D:2      | Became a worshipper of Warmaster Okawaru
  1775 | D:2      | Reached skill level 1 in Invocations
  2157 | D:2      | Reached skill level 1 in Short Blades
  2157 | D:2      | Reached skill level 1 in Long Blades
  2157 | D:2      | Reached skill level 1 in Axes
  2157 | D:2      | Reached skill level 1 in Maces & Flails
  2157 | D:2      | Reached skill level 1 in Staves
  2157 | D:2      | Reached skill level 1 in Slings
  2157 | D:2      | Reached skill level 1 in Bows
  2157 | D:2      | Reached skill level 1 in Crossbows
  2157 | D:2      | Reached skill level 1 in Armour
  2157 | D:2      | Reached skill level 1 in Dodging
  2157 | D:2      | Reached skill level 1 in Shields
  2157 | D:2      | Reached skill level 1 in Unarmed Combat
  2157 | D:2      | Reached skill level 1 in Evocations
  2163 | D:2      | Reached XP level 4. HP: 12/34 MP: 8/8
  2353 | D:2      | Found an ornate altar of the Wu Jian Council.
  2580 | D:3      | Slain by a hobgoblin

Levels and vault maps discovered:
D:1:      sevenhm_arrival_forest_fort_small_4, layout_loops_corners,
          hangedman_abyss_or_decor_lesser_grid, minmay_pentomino_o2
D:2:      layout_basic, lemuel_coloured_pillars_altar,
          chequers_temple_overflow_minitemple, kennysheep_generic_room_14
D:3:      layout_basic, grunt_temple_overflow_holy_war, gup_sewer_entry_bowl,
          st_stairs_9, serial_bayou_pond_a, uniq_crazy_yiuf_cottage,
          uniq_sigmund, uniq_jessica

Skill      XL: |  1  2  3 |
---------------+----------+-----
Invocations    | 1 |  1.1
Short Blades   | 1 |  1.0
Long Blades    | 1 |  1.0
Axes           | 1 |  1.0
Maces & Flails | 1 |  1.0
Staves         | 1 |  1.0
Slings         | 1 |  1.0
Bows           | 1 |  1.0
Crossbows      | 1 |  1.0
Armour         | 1 |  1.0
Dodging        | 1 |  1.0
Shields        | 1 |  1.0
Unarmed Combat | 1 |  1.0
Evocations     | 1 |  1.0
Fighting       | |  2.7
Polearms       | |  2.7
Throwing       | |  4.6
Stealth        | |  2.5
Spellcasting   | |  2.9
Conjurations   | |  0.8
Hexes          | |  0.8
Charms         | |  0.8
Summonings     | |  0.8
Necromancy     | |  0.8
Translocations | |  0.8
Transmutations | |  0.8
Fire Magic     | |  7.1
Ice Magic      | |  0.8
Air Magic      | |  0.8
Earth Magic    | |  0.8
Poison Magic   | |  0.8

Action                   |  1- 3 |  4- 6 || total
-------------------------+-------+-------++-------
Melee: Spear             |   158 |    40 ||   198
       Bite              |    10 |     9 ||    19
       Punch             |       |     1 ||     1
  Use: Potion            |     4 |       ||     4
 Stab: Sleeping          |     1 |       ||     1
  Eat: Chunk             |     4 |     1 ||     5
Armor: Robe              |     3 |       ||     3
       Scale mail        |    51 |    15 ||    66
       Skin              |     4 |       ||     4
Dodge: Dodged            |    75 |    13 ||    88
